 Dungeon Crawl Stone Soup version 0.17-a0-1951-g62301d3 (webtiles) character file.

1246 Ordine the Cruncher (level 8, -4/55 HPs)
             Began as a Minotaur Gladiator on Oct 3, 2015.
             Was a Priest of Okawaru.
             Killed from afar by an orc wizard (8 damage)
             ... with a puff of flame
             ... on level 6 of the Dungeon.
             The game lasted 00:11:41 (4230 turns).

Ordine the Cruncher (Minotaur Gladiator)            Turns: 4230, Time: 00:11:41

Health: -4/55      AC: 11    Str: 21    XL:     8   Next: 25%
Magic:  7/7        EV:  8    Int:  3    God:    Okawaru [***...]
Gold:   251        SH:  0    Dex: 12    Spells: 0 memorised, 7 levels left

rFire  . . .     SeeInvis .     a - +0 quarterstaff
rCold  . . .     Clarity  +     q - +0 chain mail
rNeg   . . .     SustAt   .     (no shield)
rPois  .         Gourm    .     c - +0 hat
rElec  .         Spirit   .     k - +1 cloak
rCorr  .         Warding  .     (no gloves)
rMut   .         Stasis   .     (no boots)
MR     .....                    (no amulet)
Stlth  ..........               (no ring)
                                (no ring)

@: slowed, very slow, not resistant to hostile enchantments, extremely
unstealthy
A: retaliatory headbutt, claws 1, horns 2, icy blue scales 1, thin skeletal
structure 1, clarity, clumsy 1, dopey 1, frail 1, wild magic 1
a: Heroism, Renounce Religion


You were on level 6 of the Dungeon.
You worshipped Okawaru.
Okawaru was most pleased with you.
You were hungry.

You visited 1 branch of the dungeon, and saw 8 of its levels.

You collected 251 gold pieces.

Inventory:

Hand weapons
 a - a +0 quarterstaff (weapon)
Missiles
 d - 5 throwing nets (quivered)
Armour
 c - a +0 hat (worn)
 k - a +1 cloak (worn)
 q - a +0 chain mail (worn)
Scrolls
 b - a scroll of fog
 h - 3 scrolls of remove curse
 i - 4 scrolls of teleportation
 n - a scroll of recharging
Potions
 f - 2 potions of ambrosia
 g - a potion of flight
 j - a potion of curing
 l - a potion of heal wounds
 m - 3 potions of lignification {unknown}
 s - 2 potions of resistance {unknown}
Miscellaneous
 r - a plain deck of destruction
Comestibles
 e - 2 bread rations
 o - 6 fruits
 p - 2 meat rations
 t - a chunk of flesh


   Skills:
 - Level 2.4 Fighting
 + Level 12.1 Staves
 - Level 2.0 Throwing
 - Level 3.2 Dodging


You had 7 spell levels left.
You didn't know any spells.

Dungeon Overview and Level Annotations

Branches:
Dungeon (8/15)
 Temple: D:4-7         Lair: D:8-11

Altars:
Dithmenos
Gozag
Kikubaaqudgha
Okawaru
Ru
Sif Muna
Xom
Zin

Shops:
D:7 (


Innate Abilities, Weirdness & Mutations

You reflexively headbutt those who attack you in melee.
You have a pair of horns on your head.
You have sharp fingernails.
You are partially covered in icy blue scales (AC +1).
You have a somewhat thin skeletal structure (Dex +2, Stealth).
You possess an exceptional clarity of mind.
You are clumsy. (Dex -2)
You are dopey. (Int -2)
You are frail (-10% HP).
Your spells are a little harder to cast, but a little more powerful.


Message History

The orc is almost dead.
Something hits you but does no damage. The orc hits you but does no damage.
You thump the orc!
You kill the orc!
Okawaru accepts your kill. Something hits you but does no damage.
You hear some strange, mumbled words.
A magic dart appears from out of thin air!
The magic dart hits you!
* * * LOW HITPOINT WARNING * * *
You closely miss something.
You hear some strange, mumbled words.
A puff of flame appears from out of thin air!
The puff of flame hits you!
* * * LOW HITPOINT WARNING * * *
You closely miss something.
You hear some strange, mumbled words.
A puff of flame appears from out of thin air!
The puff of flame hits you!
You die...

##...# #....#
#...$.....# ##...##
#.........# ##....#
#.......... #.....#
#.......... ##...##
#.......... ##...##
#.........) ####...#
#.)))...... #......##
#..@{......
##......####...).$....
##...................
###
####...###..........
#.. ##..# ##........#
##.. #..# ##.......#
.#... #..# ###.....#
..... #..# ##..##
#.... ##.# ## #...(


There were no monsters in sight!

Vanquished Creatures
  Eustachio (D:4)
  2 sky beasts (D:5)
  A centaur (D:5)
  2 ogres
  A phantom (D:4)
  Blork the orc (D:4)
  A giant frog (D:6)
  2 scorpions
  A hound (D:5)
  An orc priest (D:5)
  2 orc wizards
  Terence (D:3)
  2 worker ants
  A hound skeleton (D:5)
  A worker ant zombie (D:5)
  Robin (D:3)
  2 adders
  2 gnolls (D:4)
  An adder skeleton (D:4)
  2 worms (D:2)
  2 giant geckos
  17 orcs
  8 giant cockroaches
  11 goblins
  8 hobgoblins
  8 jackals
  11 kobolds
  2 quokkas (D:3)
  A ball python (D:1)
  A ball python zombie (D:5)
  6 bats
  2 giant newts (D:1)
  7 rats
112 creatures vanquished.

Notes
Turn   | Place    | Note
--------------------------------------------------------------
     0 | D:1      | Ordine the Minotaur Gladiator began the quest for the Orb.
     0 | D:1      | Reached XP level 1. HP: 18/18 MP: 0/0
    39 | D:1      | Reached skill level 4 in Staves
   104 | D:1      | Reached XP level 2. HP: 25/25 MP: 1/1
   765 | D:2      | Reached skill level 5 in Staves
   799 | D:2      | Reached XP level 3. HP: 28/30 MP: 2/2
  1486 | D:3      | Noticed Robin
  1496 | D:3      | Killed Robin
  1496 | D:3      | Reached XP level 4. HP: 37/37 MP: 3/3
  1496 | D:3      | Reached skill level 6 in Staves
  1775 | D:3      | Found an opulent altar of Gozag.
  1902 | D:3      | Noticed Terence
  1911 | D:3      | Killed Terence
  1930 | D:3      | Found an iron altar of Okawaru.
  2026 | D:3      | Became a worshipper of Warmaster Okawaru
  2168 | D:4      | Reached skill level 7 in Staves
  2168 | D:4      | Reached XP level 5. HP: 29/42 MP: 4/4
  2279 | D:4      | Noticed Eustachio
  2290 | D:5      | Entered Level 5 of the Dungeon
  2340 | D:4      | Killed Eustachio
  2340 | D:4      | Acquired Okawaru's first power
  2340 | D:4      | Reached skill level 8 in Staves
  2340 | D:4      | Reached XP level 6. HP: 22/50 MP: 5/5
  2551 | D:4      | Found a glowing silver altar of Zin.
  2573 | D:4      | Found a shimmering altar of Xom.
  2573 | D:4      | Noticed an angel
  2786 | D:4      | Reached skill level 9 in Staves
  2827 | D:4      | Noticed Blork the orc
  2836 | D:4      | Killed Blork the orc
  2987 | D:4      | Reached XP level 7. HP: 56/56 MP: 6/6
  3142 | D:5      | Reached skill level 10 in Staves
  3297 | D:5      | Noticed an ogre
  3301 | D:5      | Killed an ogre
  3348 | D:5      | Found a sacrificial altar of Ru.
  3378 | D:5      | Gained mutation: You are frail (-10% HP). [mutagenic meat]
  3379 | D:5      | Gained mutation: You have a somewhat thin skeletal structure (Dex +2, Stealth). [mutagenic meat]
  3380 | D:5      | Gained mutation: You are clumsy. (Dex -2) [mutagenic meat]
  3381 | D:5      | Gained mutation: You have sharp fingernails. [mutagenic meat]
  3433 | D:5      | Reached skill level 11 in Staves
  3465 | D:5      | Found a shadowy altar of Dithmenos.
  3561 | D:5      | Found an ancient bone altar of Kikubaaqudgha.
  3561 | D:5      | Found a deep blue altar of Sif Muna.
  3719 | D:5      | Reached XP level 8. HP: 46/55 MP: 7/7
  3854 | D:5      | You fall through a shaft for 3 floors!
  3870 | D:7      | Found Sasucw's Weapon Boutique.
  3964 | D:5      | Gained mutation: You possess an exceptional clarity of mind. [mutagenic meat]
  3965 | D:5      | Gained mutation: You are partially covered in icy blue scales (AC +1). [mutagenic meat]
  3966 | D:5      | Gained mutation: Your spells are a little harder to cast, but a little more powerful. [mutagenic meat]
  3969 | D:5      | Gained mutation: You are dopey. (Int -2) [mutagenic meat]
  4027 | D:6      | Reached skill level 12 in Staves
  4230 | D:6      | Killed from afar by an orc wizard

Vault maps used:
D:1:      mrwooster_arrival_arrow
D:3:      nicolae_gozag_cash_rules_everything_around_me,
          lemuel_coloured_pillars_altar, first_bread, minmay_misc_feat_tower,
          uniq_robin, uniq_terence
D:4:      grunt_temple_overflow_order_and_chaos_1, amalloy_card_club,
          uniq_eustachio, uniq_blork_the_orc
D:5:      grunt_temple_overflow_open, hangedman_ru_absence
D:7:      minmay_temple_entry_large_hall, serial_shops, shop,
          minmay_misc_feat_iff, led_sif_book
D:8:      lemuel_doored_altar, lair_0_dummy, blue_anna_alchemist

Action                   |  1- 3 |  4- 6 |  7- 9 || total
-------------------------+-------+-------+-------++-------
Melee: Quarterstaff      |   102 |    94 |   131 ||   327
  Use: Scroll            |     7 |     4 |     1 ||    12
 Stab: Sleeping          |     1 |       |       ||     1
  Eat: Chunk             |     2 |     5 |    13 ||    20
